 Dungeon Crawl Stone Soup version 0.29-a0-330-g52719c12eb (webtiles) character file.

Game seed: 2397686929537993799

2414 kae the Firebug (level 9, -3/71 HPs)
             Began as a Demigod Fire Elementalist on Apr 22, 2022.
             Slain by a troll (9 damage)
             ... on level 8 of the Dungeon.
             The game lasted 00:07:14 (8797 turns).

kae the Firebug (Demigod Fire Elementalist)         Turns: 8797, Time: 00:07:15

Health: -3/71      AC: 11    Str: 10    XL:     9   Next: 3%
Magic:  12/18      EV: 11    Int: 29    God:
Gold:   345        SH:  0    Dex: 14    Spells: 10/16 levels left

rFire   . . .      SeeInvis +   o - +0 dagger (elec)
rCold   . . .      Faith    .   (no shield)
rNeg    . . .      Spirit   .   h - quicksilver dragon scales of Recklessness {+Inv Will+ Str-5 Slay-2 Stlth+}
rPois   .          Reflect  .   (no helmet)
rElec   .          Harm     .   k - +0 cloak
rCorr   .          Rampage  .   (no gloves)
Will    +....                   (no boots)
Stlth   ++........              m - amulet of magic regeneration
HPRegen 0.21/turn               i - ring of see invisible
MPRegen 0.56/turn               v - +6 ring of strength

@: no status effects
A: high MP 1, forlorn, divine attributes
a: Evoke Invisibility


You were on level 8 of the Dungeon.
You visited 1 branch of the dungeon, and saw 8 of its levels.

You collected 345 gold pieces.

Inventory:

Hand Weapons
 o - a +0 dagger of electrocution (weapon)
Armour
 a - a +0 robe
 h - the quicksilver dragon scales of Recklessness (worn) {+Inv Will+ Str-5 Slay-2 Stlth+}
   (You found it on level 4 of the Dungeon)

   Str:       It affects your strength (-5).
   Slay:      It affects your accuracy & damage with ranged weapons and melee
   (-2).
   +Inv:      It lets you turn invisible.
   Will:      It increases your willpower.
   Stlth:     It makes you more stealthy.
 k - a +0 cloak (worn)
Magical Staves
 n - a staff of earth
Jewellery
 i - a ring of see invisible (left hand)
 m - an amulet of magic regeneration (around neck)
 s - an amulet of the acrobat
 u - a ring of protection from cold
 v - a +6 ring of strength (right hand)
Wands
 r - a wand of digging (3)
 t - a wand of paralysis (3)
 y - a wand of iceblast (8)
Scrolls
 g - 3 scrolls of immolation
 j - 4 scrolls of teleportation
 l - a scroll of amnesia
 q - a scroll of acquirement
 x - 2 scrolls of identify
Potions
 b - a potion of magic
 c - 2 potions of lignification
 d - a potion of brilliance
 e - 3 potions of mutation
 f - 2 potions of curing


   Skills:
 + Level 4.1 Fighting
 + Level 3.7 Armour
 + Level 4.6 Dodging
 - Level 1.7 Stealth
 + Level 4.2 Spellcasting
 + Level 4.3 Conjurations
 * Level 6.7 Fire Magic


You had 10 spell levels left.
You knew the following spells:

 Your Spells              Type           Power      Damage    Failure   Level
a - Foxfire               Conj/Fire      100%       2x1d9     1%          1
b - Scorch                Fire           90%        2d10      1%          2
c - Conjure Flame         Conj/Fire      38%        6-21      4%          3

Your spell library contained the following spells:

 Spells                   Type           Power      Damage    Failure   Level
 Inner Flame              Hex/Fire       25%        N/A       12%         3
 Pain                     Necr           24%        1d5       17%         1
 Flame Wave               Conj/Fire      38%        2d9       17%         4
 Dazzling Flash           Conj/Hex       36%        N/A       21%         3
 Iskenderun's Mystic Bla  Conj/Tloc      18%        2d6       56%         4
 Starburst                Conj/Fire      19%        6d7       95%         6
 Agony                    Necr           6%         N/A       99%         5
 Excruciating Wounds      Necr           3%         N/A       99%         5


Dungeon Overview and Level Annotations

Branches:
Dungeon (8/15)             Temple (0/1) D:4
   Lair: D:8-11

Shops:
D:3 *


Innate Abilities, Weirdness & Mutations

You have an increased reservoir of magic. (+10% MP)
You shall have no god before yourself.
Your divine heritage dramatically boosts your attributes as you level up.


Message History

The orc wizard gestures wildly while chanting.
The orc wizard flickers and vanishes for a moment.
The troll bites you but does no damage. The troll claws you. x2
The orc wizard barely misses you. The troll bites you! The troll misses you. x2
Casting: Scorch (safe; 1% risk of failure)
Confirm with . or Enter, or press ? or * to list all spells.
Flames lash the orc wizard.
The orc wizard is burned terribly!
You kill the orc wizard!
The troll barely misses you. The troll claws you. The troll barely misses you.
The troll barely misses you. The troll claws you. The troll misses you.
Casting: Scorch (safe; 1% risk of failure)
Confirm with . or Enter, or press ? or * to list all spells.
Flames lash the troll.
The troll is burned terribly!
The troll is heavily wounded.
The troll bites you. The troll claws you but does no damage.
The troll barely misses you. The troll bites you! The troll closely misses you.
The troll barely misses you.
Casting: Scorch (safe; 1% risk of failure)
Confirm with . or Enter, or press ? or * to list all spells.
Flames lash the troll.
The troll is burned terribly!
The troll is heavily wounded.
The troll bites you!
* * * LOW HITPOINT WARNING * * *
The troll closely misses you. x2
The troll bites you!
* * * LOW HITPOINT WARNING * * *
The troll barely misses you. The troll claws you.
* * * LOW HITPOINT WARNING * * *
Okay, then.
You feel better. The troll bites you.
* * * LOW HITPOINT WARNING * * *
The troll barely misses you. The troll claws you but does no damage.
You feel better. The troll barely misses you.
The troll claws you but does no damage. The troll claws you!
* * * LOW HITPOINT WARNING * * *
Okay, then.
You feel better. The troll bites you.
* * * LOW HITPOINT WARNING * * *
The troll claws you!
You die...

##.............#
##......##.. ...#
.##.....!....#....##
..............#.....#
...............#......
......................
#.............)....<..
#.............@)....#
#.........#..)T....#
##......#.##...#....#
.?...>.....#...##...#
.......<.......# #....
.#.............. ....
#...........###. ...
##........##.# .. ..
#....[.......#


You could see a troll (combustible).

Vanquished Creatures
  2 wyverns (D:7)
  A steam dragon (D:7)
  Menkaure (D:7)
  2 sky beasts (D:6)
  An ogre (D:6)
  2 black bears
  2 centaurs
  A phantom (D:5)
  A kobold brigand (D:6)
  2 bullfrogs
  3 scorpions
  2 necrophages
  4 hounds
  3 jellies
  An orc priest (D:8)
  3 iguanas
  2 orc wizards
  A hell rat (D:7)
  3 gnolls (D:7)
  9 adders
  8 river rats (D:7)
  A shadow imp (D:3)
  3 white imps
  An ufetubus (D:6)
  2 dart slugs
  A worm (D:5)
  10 orcs
  7 endoplasms
  5 giant cockroaches
  3 hobgoblins
  8 quokkas
  4 ball pythons
  7 bats
  4 frilled lizards
  9 goblins
  12 kobolds
  21 rats
152 creatures vanquished.

Vanquished Creatures (others)
  A jelly (D:4)
  331 foxfires
332 creatures vanquished.

Grand Total: 484 creatures vanquished

Notes
Turn   | Place    | Note
-------+----------+-------------------------------------------
     0 | D:1      | kae the Demigod Fire Elementalist began the quest for the
                  | Orb.
     0 | D:1      | Reached XP level 1. HP: 14/14 MP: 5/5
   247 | D:1      | Reached skill level 1 in Conjurations
   477 | D:1      | Reached skill level 3 in Fire Magic
   477 | D:1      | Reached XP level 2. HP: 22/22 MP: 4/7
  1355 | D:2      | Reached XP level 3. HP: 27/27 MP: 5/8
  1596 | D:2      | Reached skill level 1 in Fighting
  1955 | D:2      | Learned a level 2 spell: Scorch
  1969 | D:2      | Learned a level 3 spell: Conjure Flame
  2258 | D:2      | You fall into a shaft and drop 2 floors!
  2327 | D:4      | Found a staircase to the Ecumenical Temple.
  2540 | D:3      | Found Zin's Purification Station.
  2651 | D:3      | Reached XP level 4. HP: 29/35 MP: 3/10
  2721 | D:3      | Identified the +0 robe of Itema {Contam rPois rF+}
  3443 | D:3      | Identified a scroll of acquirement
  3770 | D:4      | Identified the quicksilver dragon scales of Recklessness
                  | {+Inv Will+ Str-5 Slay-2 Stlth+}
  3854 | D:4      | Noticed a bullfrog
  3865 | D:4      | Killed a bullfrog
  3866 | D:4      | Reached XP level 5. HP: 27/40 MP: 6/11
  4267 | D:4      | Noticed a black bear
  4273 | D:4      | Killed a black bear
  4274 | D:4      | Reached skill level 1 in Armour
  4274 | D:4      | Reached skill level 4 in Fire Magic
  4659 | D:5      | Entered Level 5 of the Dungeon
  4676 | D:5      | Reached XP level 6. HP: 42/48 MP: 10/12
  5525 | D:5      | Reached XP level 7. HP: 20/56 MP: 1/14
  6104 | D:5      | Reached skill level 5 in Fire Magic
  6843 | D:6      | Reached XP level 8. HP: 56/63 MP: 10/16
  7450 | D:7      | Reached skill level 6 in Fire Magic
  7855 | D:7      | Noticed Menkaure
  7859 | D:7      | Killed Menkaure
  8466 | D:7      | Reached XP level 9. HP: 60/71 MP: 13/18
  8794 | D:8      | HP: 2/71 [troll (5)]
  8797 | D:8      | Slain by a troll

Illustrated notes

Levels and vault maps discovered:
D:1:      elethiomel_arrival_quiet, layout_basic, minmay_misc_feat_room,
          minmay_octomino_j4
D:2:      layout_loops_ring, basic_altar, shapermc_ecumenical_altar_gd
D:3:      layout_rooms, zin_purify
D:4:      layout_basic, nicolae_qazlal_scattered_showers, fiery_altar_vehumet,
          gammafunk_temple_overflow_statue, minmay_temple_entry_offerings
D:5:      layout_loops_corners, okawaru_gym_becter,
          mainiacjoe_overflow_brackets, nicolae_ru_the_path_less_chosen,
          grunt_ministairs_6
D:6:      minmay_evil_eye, layout_basic
D:7:      lemuel_ratsnest, layout_cave_pods, kennysheep_flooded_box,
          uniq_menkaure
D:8:      layout_cave_pools, mainiacjoe_overflow_concentric_impassable,
          serial_shops, nicolae_shop_hallway_stairs, minivault_10,
          kennysheep_generic_room_7, uniq_psyche, uniq_erica

Skill      XL: |  1  2  3  4  5  6  7  8 |
---------------+-------------------------+-----
Conjurations   | 1 2 3 4 |  4.3
Fire Magic     | 3 4 5 6 |  6.7
Spellcasting   | 2 3 4 |  4.2
Dodging        | 2 3 4 |  4.6
Fighting       | 1 2 3 4 |  4.1
Armour         | 1 2 3 |  3.7
Stealth        | |  1.7

Action                   |  1- 3 |  4- 6 |  7- 9 || total
-------------------------+-------+-------+-------++-------
Melee: Unarmed           |     8 |       |       ||     8
       Dagger            |       |    63 |    56 ||   119
       Punch             |       |     2 |       ||     2
 Cast: Foxfire           |   103 |    36 |    71 ||   210
       Scorch            |     5 |    19 |    85 ||   109
  Use: Scroll            |     7 |     6 |     2 ||    15
       Potion            |       |     3 |     4 ||     7
 Stab: Sleeping          |       |     3 |       ||     3
Armor: Robe              |     7 |     2 |       ||     9
       Quicksilver drago |       |    44 |   116 ||   160
Dodge: Dodged            |    40 |    53 |   107 ||   200

Table legend: (Time is in decaauts)
 A = Elapsed time spent in this place.
 B = Non-inter-level travel time spent in this place.
 C = Inter-level travel time spent in this place.
 D = Time resting spent in this place.
 E = Time spent auto-exploring this place.
 F = Levels seen in this place.
 G = Mean time per level.
                   A        B        C        D        E       F      G
               +--------+--------+--------+--------+--------+-----+--------+
         Total |   8801 |   8388 |    413 |    329 |   6818 |   8 | 1100.1 |
       Dungeon |   8801 |   8388 |    413 |    329 |   6818 |   8 | 1100.1 |
               +--------+--------+--------+--------+--------+-----+--------+

Top non-repeatable levels by time:
     D:5: 1712 daAuts
     D:2: 1645 daAuts
     D:7: 1438 daAuts
     D:4: 1197 daAuts
     D:1: 1152 daAuts
     D:6: 957 daAuts
     D:3: 666 daAuts
     D:8: 31 daAuts
